 Dungeon Crawl Stone Soup version 0.22-a0-558-gc224181 (webtiles) character file.

649909 theanonym the Slayer (level 27, -9/231 HPs)
             Began as a Mummy Necromancer on June 27, 2018.
             Was the Champion of Okawaru.
             Killed from afar by a yellow draconian stormcaller (39 damage)
             ... on level 4 of the Realm of Zot.
             The game lasted 03:32:09 (90749 turns).

theanonym the Slayer (Mummy Necromancer)           Turns: 90749, Time: 03:32:10

Health: -9/231     AC: 34    Str: 23    XL:     27
Magic:  0/47       EV: 14    Int: 19    God:    Okawaru [******]
Gold:   3269       SH: 18    Dex: 15    Spells: 37/66 levels left

rFire    + + +     SeeInvis .   a - +8 mithril axe "Arga" {god gift, speed, MR+}
rCold    + + .     Gourm    .   A - +4 shield of Starshine {Donald, +Inv rPois}
rNeg     + + +     Faith    .   R - +1 gold dragon scales
rPois    ∞         Spirit   +   E - +0 helmet {Int+3}
rElec    +         Reflect  .   J - scarf {Spirit} {god gift}
rCorr    .         Harm     .   I - +1 pair of gloves "Zirph" {rF++ MR+}
MR       +++++                  o - +0 pair of boots {Fly} {god gift}
Stlth    ..........             e - amulet of regeneration
HPRegen  0.88/turn              k - ring "Cyagoimi" {rF+ Str+3}
MPRegen  0.30/turn              i - ring "Nuutut" {rElec AC+6}

@: about to teleport, heroism, singing, corroded, slightly contaminated,
studying Invocations, invisible
A: no food or potions, fire vulnerability, cold resistance 1, negative energy
resistance 3, torment resistance, unbreathing, in touch with death 2
}: 3/15 runes: serpentine, barnacled, abyssal
a: Heroism, Finesse, Renounce Religion, Evoke Flight


Innate Abilities, Weirdness & Mutations

You do not eat or drink.
Your flesh is vulnerable to fire.
You are immune to poison.
Your flesh is cold resistant. (rC+)
You are immune to negative energy. (rN+++)
You are immune to unholy pain and torment.
You can survive without breathing.
You are strongly in touch with the powers of death.


   Skills:
 + Level 22.2(27) Fighting
   Level 3.5(8.5) Short Blades
 + Level 19.5(24.5) Axes
 + Level 18.1(23.1) Armour
 + Level 10.4(15.4) Dodging
 - Level 1.6(6.6) Stealth
 - Level 10.0(15.0) Shields
 - Level 20.0 Spellcasting
 - Level 15.0 Hexes
 - Level 10.0 Charms
 - Level 4.0 Necromancy
 - Level 10.0 Translocations
 - Level 10.0 Invocations


You had 37 spell levels left.
You knew the following spells:

 Your Spells              Type           Power        Failure   Level  Hunger
a - Spectral Weapon       Hex/Chrm       ######..     1%          3    N/A
b - Song of Slaying       Chrm           ######..     1%          2    N/A
c - Darkness              Hex            ######....   11%         6    N/A
d - Animate Skeleton      Necr           N/A          7%          1    N/A
e - Lesser Beckoning      Tloc           ######....   1%          3    N/A
g - Invisibility          Hex            ######..     11%         6    N/A
l - Blink                 Tloc           N/A          1%          2    N/A
t - Deflect Missiles      Chrm/Air       #####.....   100%        6    N/A

Your spell library contained the following spells:

 Spells                   Type           Power        Failure   Level  Hunger
 Cause Fear               Hex            ######....   1%          4    N/A
 Magic Dart               Conj           ###.         34%         1    N/A
 Fireball                 Conj/Fire      ###.......   100%        5    N/A
 Apportation              Tloc           ######       1%          1    N/A
 Conjure Flame            Conj/Fire      ###.....     71%         3    N/A
 Bolt of Fire             Conj/Fire      ###.......   100%        6    N/A
 Bolt of Cold             Conj/Ice       ###.......   100%        6    N/A
 Lightning Bolt           Conj/Air       ###.......   100%        5    N/A
 Bolt of Magma            Conj/Fire/Erth ###.......   100%        5    N/A
 Slow                     Hex            ######..     1%          2    N/A
 Confuse                  Hex            ######..     1%          3    N/A
 Throw Flame              Conj/Fire      ###...       45%         2    N/A
 Throw Frost              Conj/Ice       ###...       45%         2    N/A
 Controlled Blink         Tloc           N/A          100%        8    N/A
 Freezing Cloud           Conj/Ice/Air   ###.......   100%        6    N/A
 Mephitic Cloud           Conj/Pois/Air  ###.....     71%         3    N/A
 Ring of Flames           Chrm/Fire      #####.....   100%        7    N/A
 Venom Bolt               Conj/Pois      ###.......   100%        5    N/A
 Olgreb's Toxic Radiance  Pois           ###.....     98%         4    N/A
 Death's Door             Chrm/Necr      #######...   100%        8    N/A
 Bolt of Draining         Conj/Necr      ######....   99%         5    N/A
 Iskenderun's Mystic Bla  Conj           ###.....     98%         4    N/A
 Animate Dead             Necr           N/A          54%         4    N/A
 Pain                     Necr           ####         7%          1    N/A
 Vampiric Draining        Necr           ######....   21%         3    N/A
 Haunt                    Necr/Summ      ######....   100%        7    N/A
 Borgnjor's Revivificati  Necr           ######....   100%        8    N/A
 Freeze                   Ice            ###.         34%         1    N/A
 Ozocubu's Refrigeration  Ice            ###.......   100%        6    N/A
 Sticky Flame             Conj/Fire      ###.....     98%         4    N/A
 Summon Ice Beast         Ice/Summ       ###.....     98%         4    N/A
 Ozocubu's Armour         Chrm/Ice       #####...     13%         3    N/A
 Call Imp                 Summ           ###.....     45%         2    N/A
 Dispel Undead            Necr           ######..     88%         5    N/A
 Regeneration             Chrm/Necr      #######...   6%          3    N/A
 Sting                    Conj/Pois      ###.         34%         1    N/A
 Tukima's Dance           Hex            ######..     1%          3    N/A
 Corpse Rot               Necr           N/A          10%         2    N/A
 Iron Shot                Conj/Erth      ###.......   100%        6    N/A
 Stone Arrow              Conj/Erth      ###...       71%         3    N/A
 Shock                    Conj/Air       ###.         34%         1    N/A
 Swiftness                Chrm/Air       #####...     7%          2    N/A
 Recall                   Summ/Tloc      N/A          13%         3    N/A
 Agony                    Necr           ######..     88%         5    N/A
 Spider Form              Tmut/Pois      ###.......   71%         3    N/A
 Blade Hands              Tmut           ###.......   100%        5    N/A
 Statue Form              Tmut/Erth      ###......    100%        6    N/A
 Ice Form                 Ice/Tmut       ###.....     98%         4    N/A
 Dragon Form              Tmut           ###.......   100%        7    N/A
 Necromutation            Tmut/Necr      ######....   100%        8    N/A
 Death Channel            Necr           ######....   100%        6    N/A
 Throw Icicle             Conj/Ice       ###.....     98%         4    N/A
 Airstrike                Air            ###.......   98%         4    N/A
 Shadow Creatures         Summ           N/A          100%        6    N/A
 Confusing Touch          Hex            ######       1%          1    N/A
 Flame Tongue             Conj/Fire      ###..        34%         1    N/A
 Passwall                 Tmut/Erth      ###.....     45%         2    N/A
 Ignite Poison            Fire/Tmut/Pois ###.....     71%         3    N/A
 Sticks to Snakes         Tmut           ###.....     45%         2    N/A
 Call Canine Familiar     Summ           ###.....     71%         3    N/A
 Ensorcelled Hibernation  Hex/Ice        #####.       2%          2    N/A
 Metabolic Englaciation   Hex/Ice        #####.....   41%         5    N/A
 Summon Butterflies       Summ           ###.....     34%         1    N/A
 Silence                  Hex/Air        #####.....   41%         5    N/A
 Shatter                  Erth           ###.......   100%        9    N/A
 Dispersal                Tloc           ######....   65%         6    N/A
 Static Discharge         Conj/Air       ###.....     71%         3    N/A
 Corona                   Hex            ######.      1%          1    N/A
 Alistair's Intoxication  Tmut/Pois      ###.....     100%        5    N/A
 Lee's Rapid Deconstruct  Erth           ###.......   100%        5    N/A
 Sandblast                Erth           ###...       34%         1    N/A
 Simulacrum               Ice/Necr       ######....   100%        6    N/A
 Conjure Ball Lightning   Conj/Air       ###.......   100%        6    N/A
 Excruciating Wounds      Chrm/Necr      #######...   47%         5    N/A
 Portal Projectile        Hex/Tloc       ######       1%          3    N/A
 Petrify                  Tmut/Erth      ###.....     98%         4    N/A
 Orb of Destruction       Conj           ###.......   100%        7    N/A
 Tornado                  Air            ###.......   100%        9    N/A
 Leda's Liquefaction      Hex/Erth       #####.....   16%         4    N/A
 Summon Hydra             Summ           ###.......   100%        7    N/A
 Shroud of Golubria       Chrm/Tloc      ######....   1%          2    N/A
 Inner Flame              Hex/Fire       #####...     4%          3    N/A
 Beastly Appendage        Tmut           ###...       34%         1    N/A
 Disjunction              Tloc           ######....   100%        8    N/A
 Iskenderun's Battlesphe  Conj/Chrm      #####...     77%         5    N/A
 Fulminant Prism          Conj/Hex       #####.....   16%         4    N/A
 Dazzling Spray           Conj/Hex       #####.       4%          3    N/A
 Force Lance              Conj/Tloc      #####...     41%         4    N/A
 Infusion                 Chrm           ####         1%          1    N/A
 Searing Ray              Conj           ###...       45%         2    N/A
 Discord                  Hex            ######....   99%         8    N/A
 Summon Forest            Summ/Tloc      #####.....   77%         5    N/A
 Summon Lightning Spire   Summ/Air       ###.....     98%         4    N/A
 Summon Guardian Golem    Hex/Summ       #####...     4%          3    N/A
 Dragon's Call            Summ           ###.......   100%        9    N/A
 Spellforged Servitor     Conj/Summ      ###.......   100%        7    N/A
 Summon Mana Viper        Hex/Summ       #####...     41%         5    N/A
 Hydra Form               Tmut           ###.......   100%        6    N/A
 Irradiate                Conj/Tmut      ###.......   100%        5    N/A
 Gell's Gravitas          Tloc           ######....   1%          3    N/A
 Yara's Violent Unravell  Hex/Tmut       #####.....   41%         5    N/A
 Infestation              Necr           ######....   100%        8    N/A
 Poisonous Vapours        Pois/Air       ###...       45%         2    N/A
 Ignition                 Fire           ###.......   100%        8    N/A
 Borgnjor's Vile Clutch   Necr/Erth      ######....   99%         5    N/A

Skill      XL: |  1  2  3  4  5  6  7  8  9 10 11 12 13 14 15 16 17 18 19 20 21 22 23 24 25 26 27 |
---------------+----------------------------------------------------------------------------------+-----
Fighting       | 1 2 3 4 6 8 10 11 12 13 15 16 17 18 19 20 21 22 | 22.2
Short Blades   | 1 2 3 |  3.5
Axes           | 2 3 5 6 8 10 12 13 14 15 16 17 18 19 | 19.5
Invocations    | 2 5 7 8 10 | 10.0
Shields        | 4 5 7 9 10 | 10.0
Armour         | 1 5 7 9 11 12 13 14 15 16 17 18 | 18.1
Dodging        | 3 5 7 9 10 | 10.4
Spellcasting   | 7 10 11 13 14 18 20 | 20.0
Hexes          | 4 7 9 10 11 14 15 | 15.0
Charms         | 4 6 7 9 10 | 10.0
Translocations | 6 10 | 10.0
Stealth        | |  1.6
Necromancy     | |  4.0

Action                   |  1- 3 |  4- 6 |  7- 9 | 10-12 | 13-15 | 16-18 | 19-21 | 22-24 | 25-27 || total
-------------------------+-------+-------+-------+-------+-------+-------+-------+-------+-------++-------
Melee: Unarmed           |    19 |       |       |       |       |       |       |       |       ||    19
       Dagger            |   151 |   135 |       |       |       |       |       |       |       ||   286
       War axe           |       |   123 |   133 |       |       |       |       |       |       ||   256
       Whip              |       |       |    25 |       |   558 |   202 |       |       |       ||   785
       Broad axe         |       |       |   206 |   754 |  1071 |  1597 |  1868 |  1763 |  1952 ||  9211
       Staff             |       |       |       |       |       |       |       |     5 |     4 ||     9
Throw: Throwing net      |       |       |       |     4 |     1 |       |     4 |       |       ||     9
 Cast: Pain              |    59 |     4 |       |       |       |       |       |       |       ||    63
       Animate Skeleton  |    12 |     3 |       |       |       |       |    10 |       |       ||    25
       Spectral Weapon   |       |       |       |       |       |       |     2 |    66 |    50 ||   118
       Song of Slaying   |       |       |       |       |       |       |     1 |    40 |    38 ||    79
       Invisibility      |       |       |       |       |       |       |       |       |     8 ||     8
       Blink             |       |       |       |       |       |       |       |       |     2 ||     2
Invok: Heroism           |       |       |     1 |    13 |    26 |    29 |    28 |     9 |    15 ||   121
       Finesse           |       |       |       |     3 |     1 |     3 |     4 |       |     3 ||    14
 Abil: Evoke Flight      |       |       |       |       |       |       |     4 |       |       ||     4
       Stop Flying       |       |       |       |       |       |       |     1 |       |     1 ||     2
Evoke: Wand              |       |       |     6 |    11 |     2 |     1 |     8 |     1 |     9 ||    38
       Lamp of fire      |       |       |       |     1 |     2 |       |     2 |       |     1 ||     6
       Box of beasts     |       |       |       |       |     3 |       |     1 |       |     2 ||     6
  Use: Scroll            |     2 |     8 |     7 |    11 |    14 |    20 |    20 |    14 |    19 ||   115
 Stab: Held in net/web   |       |       |       |     2 |     1 |       |       |       |       ||     3
       Paralysed         |       |       |       |       |     3 |       |       |       |       ||     3
       Distracted        |       |       |       |       |       |       |     6 |    11 |    17 ||    34
       Invisible         |       |       |       |       |       |       |       |       |   123 ||   123
       Petrified         |       |       |       |       |       |       |       |       |     2 ||     2
Armor: Robe              |    12 |       |       |       |       |       |       |       |       ||    12
       Ring mail         |    56 |    11 |       |       |       |       |       |       |       ||    67
       Chain mail        |       |    70 |       |       |       |       |       |       |       ||    70
       Plate armour      |       |   148 |   399 |   528 |  1047 |  1091 |   802 |   765 |       ||  4780
       Ice dragon scales |       |       |       |    64 |     9 |       |       |       |       ||    73
       Gold dragon scale |       |       |       |       |       |       |       |   202 |   898 ||  1100
Dodge: Dodged            |   131 |    68 |    81 |   113 |   260 |   333 |   283 |   428 |   435 ||  2132
Block: Buckler           |       |       |     2 |       |       |       |       |       |       ||     2
       Shield            |       |       |       |   356 |   795 |  1199 |   987 |  1232 |  1067 ||  5636

Inventory:

Hand Weapons
 a - the +8 mithril axe "Arga" (weapon) {god gift, speed, MR+}
   (Okawaru gifted it to you on level 3 of the Depths)

   Attacks with this weapon are significantly faster.
   It affects your resistance to hostile enchantments.
 b - the +7 sceptre of Torment
   (You found it on level 3 of the Crypt)
 h - a +4 broad axe of freezing {god gift}
   (Okawaru gifted it to you on level 1 of the Shoals)
 H - a +9 broad axe of electrocution {god gift}
   (Okawaru gifted it to you on level 9 of the Dungeon)
Missiles
 C - 6 throwing nets (quivered)
Armour
 o - a +0 pair of boots of flying (worn) {god gift}
   (Okawaru gifted it to you on level 8 of a ziggurat)
 x - a scarf of resistance {god gift}
   (Okawaru gifted it to you on level 4 of the Shoals)
 A - the +4 shield of Starshine (worn) {Donald, +Inv rPois}
   (You took it off Donald on level 2 of the Orcish Mines)

   It protects you from poison.
   It lets you turn invisible.
 E - a +0 helmet of intelligence (worn)
   (You acquired it on level 3 of the Shoals)
 I - the +1 pair of gloves "Zirph" (worn) {rF++ MR+}
   (You found it in an ice cave)

   It greatly protects you from fire.
   It affects your resistance to hostile enchantments.
 J - a scarf of spirit shield (worn) {god gift}
   (Okawaru gifted it to you on level 3 of the Elven Halls)
 L - a +2 helmet of see invisible
   (You found it on level 3 of the Elven Halls)
 N - the +0 pair of gloves "Regok" {MP+9 Int+3}
   (You found it on level 3 of the Elven Halls)

   It affects your intelligence (+3).
   It affects your magic capacity (+9).
 R - +1 gold dragon scales (worn)
   (You found it on level 1 of the Depths)
 U - a +1 cloak
   (You took it off a draconian monk on level 4 of the Realm of Zot)
 V - a cursed -2 cloak
   (You took it off a draconian scorcher on level 4 of the Realm of Zot)
 Z - the +0 mask of the Dragon {MR+ Slay+3 SInv}
   (You found it on level 3 of the Realm of Zot)

   It affects your accuracy and damage with ranged weapons and melee attacks
   (+3).
   It affects your resistance to hostile enchantments.
   It lets you see invisible.
Jewellery
 e - an amulet of regeneration (around neck)
   (You found it on level 4 of the Depths)
 g - the ring "Rofykhlo" {Fire rElec SInv}
   (You found it on level 4 of the Lair of Beasts)

   [ring of fire]

   It enhances your fire magic.
   It protects you from fire.
   It makes you vulnerable to cold.
   It insulates you from electricity.
   It lets you see invisible.
 i - the ring "Nuutut" (right hand) {rElec AC+6}
   (You found it on level 12 of the Dungeon)

   [ring of protection]

   It affects your AC (+6).
   It insulates you from electricity.
 j - an uncursed ring of resist corrosion
   (You took it off a frost giant on level 2 of the Depths)
 k - the ring "Cyagoimi" (left hand) {rF+ Str+3}
   (You acquired it on level 1 of the Depths)

   [ring of protection from fire]

   It affects your strength (+3).
   It protects you from fire.
 l - an uncursed ring of flight
   (You found it on level 3 of the Lair of Beasts)
 q - the amulet "Sadicuol" {Acrobat rC+ Int+4}
   (You acquired it on level 3 of the Snake Pit)

   [amulet of the acrobat]

   It helps you evade while moving and waiting.
   It affects your intelligence (+4).
   It protects you from cold.
 G - an uncursed ring of protection from cold
   (You found it in an ice cave)
 K - an uncursed ring of see invisible
   (You found it on level 6 of a ziggurat)
 P - an uncursed amulet of guardian spirit
   (You bought it in a shop on level 4 of the Snake Pit)
 S - a +3 ring of evasion
   (You found it on level 3 of the Realm of Zot)
 T - the ring "Icalit" {MR+ Str+6 Dex+2}
   (You acquired it on level 1 of the Realm of Zot)

   [ring of dexterity]

   It affects your strength (+6).
   It affects your dexterity (+2).
   It affects your resistance to hostile enchantments.
Wands
 c - a wand of clouds (9)
   (You found it on level 11 of the Dungeon)
 d - a wand of digging (31)
   (You bought it in a shop on level 4 of the Snake Pit)
 u - a wand of iceblast (29)
   (You found it in an ice cave)
 v - a wand of acid (17)
   (You found it on level 7 of the Dungeon)
Scrolls
 f - 9 scrolls of fog
 m - 2 scrolls of summoning
 n - 25 scrolls of remove curse
 p - 10 scrolls of fear
 r - 12 scrolls of identify
 s - 5 scrolls of immolation
 t - 24 scrolls of teleportation {!r}
 w - 3 scrolls of silence
 y - 6 scrolls of magic mapping
 B - 4 scrolls of blinking
 F - 7 scrolls of enchant weapon
 W - a scroll of torment
Books
 Q - a manual of Invocations
   (You found it in a treasure trove)
Miscellaneous
 z - a lamp of fire
   (You found it on level 9 of the Dungeon)
 D - 3 phantom mirrors
 M - a fan of gales
   (You found it on level 3 of the Elven Halls)
 O - 3 boxes of beasts


You were on level 4 of the Realm of Zot.
You worshipped Okawaru.
Okawaru was exalted by your worship.
You were not hungry.

You visited 10 branches of the dungeon, and saw 51 of its levels.
You visited the Abyss 2 times.
You visited 1 bazaar.
You visited 1 ziggurat, and saw 8 of its levels.
You also visited: Labyrinth, Trove, Sewer and Ice Cave.

You collected 6550 gold pieces.
You spent 3281 gold pieces at shops.

Dungeon Overview and Level Annotations

Branches:
Dungeon (15/15)            Temple (0/1) D:6            Lair (6/6) D:10
 Shoals (4/4) Lair:2        Snake (4/4) Lair:3        Slime (0/5) Lair:5
    Orc (2/2) D:10            Elf (3/3) Orc:2        Vaults (5/5) D:14
  Crypt (3/3) Vaults:2       Tomb (0/3) Crypt:3      Depths (5/5) D:15
    Zot (4/5) Depths:5

Altars:
Elyvilon
Fedhas
Kikubaaqudgha
Makhleb
Nemelex Xobeh
Okawaru
Sif Muna
Vehumet
Yredelemnul
Beogh

Shops:
D:5 (   Orc:1 }(!?%   Orc:2 [(:!   Elf:2 :   Shoals:1 !   Snake:3 ?[!
Snake:4 =}}   Vaults:3 (   Vaults:4 :   Depths:2 %   Depths:4 =

Portals:
Hell: Lair:6 Depths:1 Depths:2 Depths:3 Depths:4 Depths:5
Abyss: Depths:1 Depths:2 Depths:4
Pandemonium: Depths:1 Depths:3

Annotations:
Shoals:3 exclusion: Roxanne, Roxanne
Snake:2 exclusion: 3 oklob plants
Elf:2 1 runed door, exclusion: orange crystal statue

. #
....#########...#
#......@.q.......
............q....
...........d.....
........##q..d...
.........#...#####
.......
.....#...#...
.X.....
.#...#.>.#...##
.q.####
..?..............
q..X
.................


You could see 2 tentacled monstrosities, a white draconian monk, 2 draconians, a
yellow draconian stormcaller and a red draconian scorcher.

Notes
Turn   | Place    | Note
-------+----------+-------------------------------------------
     0 | D:1      | theanonym the Mummy Necromancer began the quest for the Orb.
     0 | D:1      | Reached XP level 1. HP: 13/13 MP: 4/4
   249 | D:1      | Reached skill level 1 in Fighting
   278 | D:1      | Learned a level 1 spell: Animate Skeleton
   333 | D:1      | Reached XP level 2. HP: 15/21 MP: 0/5
   335 | D:1      | HP: 10/21 [kobold (3)]
   824 | D:1      | Reached skill level 1 in Short Blades
  1059 | D:2      | Reached XP level 3. HP: 26/26 MP: 7/7
  1069 | D:2      | Noticed Terence
  1087 | D:2      | HP: 12/26 [Terence/hand axe of chopping (2)]
  1678 | D:2      | Reached skill level 2 in Short Blades
  1788 | D:2      | Found a blossoming altar of Fedhas.
  2090 | D:2      | Reached XP level 4. HP: 29/32 MP: 8/8
  2498 | D:3      | HP: 12/32 [worm (5)]
  2777 | D:3      | HP: 15/32 [orc wizard/dagger (2)]
  2784 | D:3      | HP: 15/32 [orc wizard/magic dart (1)]
  2806 | D:2      | HP: 8/32 [orc wizard/puff of flame (7)]
  2816 | D:1      | HP: 7/32 [Terence/hand axe of chopping (1)]
  3122 | D:2      | HP: 16/32 [orc wizard/magic dart (2)]
  3124 | D:2      | HP: 7/32 [orc wizard/magic dart (8)]
  3125 | D:2      | Reached skill level 3 in Short Blades
  3130 | D:2      | HP: 1/32 [orc wizard/magic dart (6)]
  3719 | D:3      | HP: 15/32 [orc priest/flail (5)]
  3723 | D:3      | Reached XP level 5. HP: 18/37 MP: 9/9
  3727 | D:3      | HP: 15/37 [orc/stone (3)]
  3748 | D:3      | HP: 13/37 [orc/flail (5)]
  4265 | D:4      | Noticed an ogre
  4273 | D:4      | HP: 6/37 [ogre/giant club (26)]
  4273 | D:4      | HP: 2/37 [leopard gecko (4)]
  4274 | D:4      | Killed an ogre
  4274 | D:4      | Reached skill level 2 in Fighting
  4274 | D:4      | Reached skill level 1 in Axes
  4662 | D:4      | Reached skill level 2 in Axes
  4662 | D:4      | Reached XP level 6. HP: 39/46 MP: 10/10
  4731 | D:4      | Found an iron altar of Okawaru.
  4747 | D:4      | Became a worshipper of Warmaster Okawaru
  4863 | D:4      | Found a white marble altar of Elyvilon.
  5067 | D:4      | Reached skill level 3 in Fighting
  5263 | D:4      | Reached skill level 3 in Axes
  6249 | D:2      | Found a blossoming altar of Fedhas.
  6732 | D:1      | Killed Terence
  6732 | D:1      | Reached XP level 7. HP: 49/52 MP: 11/11
  6832 | D:5      | Entered Level 5 of the Dungeon
  6897 | D:5      | Noticed Eustachio
  6898 | D:5      | Found Doloix's Antique Weapon Boutique.
  6918 | D:5      | Found a glowing drain.
  6932 | Sewer    | Entered a sewer
  7149 | Sewer    | Reached * piety under Okawaru
  7149 | Sewer    | Reached skill level 4 in Fighting
  7149 | Sewer    | Reached skill level 4 in Axes
  7280 | Sewer    | Reached skill level 5 in Axes
  7280 | Sewer    | Reached XP level 8. HP: 47/61 MP: 12/12
  7405 | D:5      | Killed Eustachio
  7455 | D:5      | HP: 27/61 [ogre/giant club (10)]
  7458 | D:5      | HP: 9/61 [ogre/giant club (8)]
  7459 | D:5      | Reached skill level 5 in Fighting
  7811 | D:5      | Reached ** piety under Okawaru
  7816 | D:5      | Reached skill level 6 in Axes
  7816 | D:5      | Reached skill level 1 in Invocations
  8024 | D:5      | Bought a slimy broad axe for 162 gold pieces
  8024 | D:5      | Identified the +2 broad axe of the Bear {venom, Fragile rElec rN+ MR+} (You bought it in a shop on level 5 of the Dungeon)
  8497 | D:6      | Noticed Edmund
  8533 | D:6      | Killed Edmund
  8533 | D:6      | Reached skill level 2 in Invocations
  8590 | D:6      | theanonym: ??heroism
  8590 | D:6      | beem: okawaru[1/6]: Heroism (*) temporarily gives +5 to all non-magic skills except Invocations and Evocations, although Fighting skill from it gives no extra HP. Finesse (*****) halves attack delay but does not stack with haste or berserk. Okawaru also gifts weapons, armour, and ammo.
  8608 | D:6      | Reached skill level 6 in Fighting
  8634 | D:6      | Reached XP level 9. HP: 58/69 MP: 13/13
  8677 | D:6      | Reached skill level 7 in Axes
  8715 | D:6      | HP: 31/69 [orc warrior/battleaxe (15)]
  9551 | D:6      | Noticed Dowan
  9552 | D:6      | Noticed Duvessa
  9560 | D:6      | Killed Dowan
  9562 | D:6      | Killed Duvessa
  9573 | D:6      | Found a staircase to the Ecumenical Temple.
  9583 | D:6      | Found a staircase to the Ecumenical Temple.
 10244 | D:7      | Reached *** piety under Okawaru
 10763 | D:7      | Reached skill level 8 in Axes
 10763 | D:7      | Reached skill level 1 in Shields
 11022 | D:8      | Reached skill level 2 in Shields
 11124 | D:8      | Noticed a two-headed ogre
 11305 | D:8      | Noticed a two-headed ogre
 11452 | D:8      | Killed a two-headed ogre
 11452 | D:8      | Reached **** piety under Okawaru
 11452 | D:8      | Reached skill level 4 in Shields
 11452 | D:8      | Reached XP level 10. HP: 72/77 MP: 14/14
 11668 | D:8      | Killed a two-headed ogre
 11668 | D:8      | Reached skill level 9 in Axes
 11803 | D:8      | Noticed Maurice
 11824 | D:8      | Killed Maurice
 11834 | D:8      | Noticed Erica
 11846 | D:8      | Killed Erica
 11846 | D:8      | Received a gift from Okawaru
 11846 | D:8      | Reached skill level 7 in Fighting
 12008 | D:8      | Reached ***** piety under Okawaru
 12331 | D:9      | HP: 39/79 [yak (5)]
 12332 | D:9      | Reached skill level 10 in Axes
 12336 | D:9      | HP: 27/79 [yak (5)]
 12341 | D:9      | HP: 20/79 [yak (1)]
 12745 | D:9      | HP: 37/79 [troll (10)]
 13067 | D:9      | Reached skill level 8 in Fighting
 13435 | D:9      | Noticed an ice dragon
 13455 | D:9      | Killed an ice dragon
 13455 | D:9      | Reached XP level 11. HP: 46/87 MP: 8/15
 13869 | D:10     | Entered Level 10 of the Dungeon
 13986 | D:10     | Reached skill level 11 in Axes
 13991 | D:10     | HP: 43/87 [yak (2)]
 13994 | D:10     | HP: 16/87 [yak (10)]
 14353 | D:10     | HP: 43/87 [gnoll/spear (6)]
 14355 | D:10     | Noticed a two-headed ogre
 14359 | D:9      | HP: 34/87 [basilisk (11)]
 14366 | D:9      | HP: 25/87 [basilisk (11)]
 14367 | D:9      | Received a gift from Okawaru
 14689 | D:10     | Noticed Urug
 14700 | D:9      | HP: 42/87 [yak (2)]
 14703 | D:9      | Reached skill level 9 in Fighting
 14913 | D:10     | Found a staircase to the Orcish Mines.
 14938 | D:10     | Killed an unseen horror
 14965 | D:10     | HP: 41/89 [something (6)]
 14969 | D:10     | Killed an unseen horror
 15331 | D:10     | Killed a two-headed ogre
 15331 | D:10     | Reached ****** piety under Okawaru
 15351 | D:10     | Killed an unseen horror
 15351 | D:10     | Reached skill level 12 in Axes
 15520 | D:10     | HP: 43/89 [Urug/enchanted great mace (15)]
 15527 | D:10     | Killed Urug
 15527 | D:10     | Received a gift from Okawaru
 15817 | D:10     | Found a staircase to the Lair.
 15970 | Orc:1    | Entered Level 1 of the Orcish Mines
 15970 | Orc:1    | Found a roughly hewn altar of Beogh.
 15970 | Orc:1    | Found Moup's Food Shop.
 16097 | Orc:1    | Noticed an orc sorcerer
 16424 | D:10     | HP: 39/90 [orc warrior/dire flail (11)]
 16726 | Orc:1    | Noticed a soul eater
 16876 | D:10     | HP: 29/90 [cyclops (17)]
 16878 | D:10     | Killed an orc sorcerer
 16878 | D:10     | Reached skill level 10 in Fighting
 17159 | Orc:1    | Noticed an orc sorcerer
 17169 | Orc:1    | Killed an orc sorcerer
 17169 | Orc:1    | Reached XP level 12. HP: 97/97 MP: 16/16
 17230 | Orc:1    | Found Kuywuisk's Magic Scroll Boutique.
 17261 | Orc:1    | Bought a scroll of teleportation for 45 gold pieces
 17261 | Orc:1    | Bought a scroll of teleportation for 45 gold pieces
 17261 | Orc:1    | Bought a scroll of teleportation for 45 gold pieces
 17261 | Orc:1    | Bought a scroll of teleportation for 45 gold pieces
 17353 | Orc:2    | Entered Level 2 of the Orcish Mines
 17368 | Orc:2    | Noticed an ogre mage
 17371 | Orc:2    | Noticed a two-headed ogre
 17399 | Orc:2    | Reached skill level 3 in Invocations
 17415 | Orc:2    | Killed a two-headed ogre
 17421 | Orc:2    | Noticed a two-headed ogre
 17421 | Orc:2    | HP: 11/97 [ogre mage/crystal spear (42)]
 17772 | Orc:2    | Found a staircase to the Elven Halls.
 17772 | Orc:2    | Noticed an ogre mage
 17772 | Orc:2    | Noticed Donald
 17772 | Orc:2    | Noticed an ettin
 17820 | Lair:1   | Entered Level 1 of the Lair of Beasts
 17853 | Lair:1   | Found a labyrinth entrance.
 17860 | Lab      | Entered a labyrinth
 18127 | Lab      | Noticed a minotaur
 18142 | Lab      | Killed a minotaur
 18250 | Lab      | theanonym: ??snakebite
 18250 | Lab      | beem: snakebite[1/1]: A +8 whip of venom with poison resistance. Applies curare on 40% of hits in addition to venom brand.
 18250 | Lab      | theanonym: ??curare
 18250 | Lab      | beem: curare[1/2]: A type of poison that will slow you, poison you, and do large impact damage (called asphyxiation). To avoid it you can use eXamine to avoid being in any blowgun wielding creature's line of fire for too long. Poison resistance prevents the poisoning and asphyxiation, as well as the slowing (being undead will too).
 18529 | Lair:1   | Reached skill level 4 in Invocations
 18531 | Lair:1   | Reached skill level 13 in Axes
 19025 | Lair:2   | Found a frozen archway.
 19049 | IceCv    | Entered an ice cave
 19303 | IceCv    | HP: 46/99 [wolf (5)]
 19617 | IceCv    | HP: 39/99 [polar bear (12)]
 19627 | IceCv    | HP: 21/99 [polar bear (13)]
 20035 | IceCv    | Reached skill level 5 in Invocations
 20054 | IceCv    | Reached skill level 11 in Fighting
 20249 | IceCv    | Reached skill level 1 in Armour
 20622 | IceCv    | Gained mutation: You are in touch with the powers of death. [Mummy growth]
 20622 | IceCv    | Reached XP level 13. HP: 87/106 MP: 17/17
 20780 | IceCv    | Noticed a frost giant
 20785 | IceCv    | Received a gift from Okawaru
 20793 | IceCv    | HP: 39/106 [frost giant/battleaxe of freezing (27)]
 20794 | IceCv    | Killed a frost giant
 20794 | IceCv    | Reached skill level 2 in Armour
 20796 | IceCv    | Got a shimmering quick blade {god gift}
 20806 | IceCv    | HP: 40/106 [polar bear (1)]
 20816 | IceCv    | HP: 20/106 [yak (10)]
 21166 | IceCv    | Got an ancient hand axe
 21187 | IceCv    | Got a pair of encrusted gloves
 21393 | IceCv    | Identified the +1 pair of gloves "Zirph" {rF++ MR+} (You found it in an ice cave)
 21835 | Lair:2   | Reached skill level 14 in Axes
 21899 | Lair:2   | Found a runed gate.
 21899 | Lair:2   | Found a runed gate.
 21899 | Lair:2   | Found a runed gate.
 21899 | Lair:2   | Noticed Xenophilius's ghost (journeyman TrMo)
 22102 | Lair:2   | Found a staircase to the Shoals.
 22125 | Lair:2   | Reached skill level 3 in Armour
 22143 | Lair:2   | HP: 52/106 [komodo dragon (7)]
 22884 | Lair:2   | Killed Xenophilius's ghost
 22884 | Lair:2   | Received a gift from Okawaru
 23379 | Orc:1    | Bought a scroll of identify for 30 gold pieces
 23379 | Orc:1    | Identified the +7 hand axe of Death's Door {venom, Fragile +Rage rN+ Dex+3} (You found it in an ice cave)
 23394 | Orc:1    | HP: 25/107 [ettin/dire flail (31)]
 23403 | Orc:1    | Killed an ettin
 23712 | Orc:2    | Reached skill level 4 in Armour
 23731 | Orc:2    | HP: 46/107 [warg (10)]
 23866 | Orc:1    | Received a gift from Okawaru
 23866 | Orc:1    | Reached skill level 12 in Fighting
 23867 | Orc:1    | Got a pitted war axe {god gift}
 24005 | Orc:2    | HP: 53/108 [two-headed ogre/giant club (6)]
 24011 | Orc:2    | HP: 29/108 [two-headed ogre/giant club (14)]
 24349 | Orc:2    | Noticed a stone giant
 24533 | Orc:1    | HP: 48/108 [stone giant (14)]
 24539 | Orc:1    | Killed a stone giant
 24865 | Orc:2    | HP: 48/108 [orc warrior/trident[an orc knight] (20)]
 24875 | Orc:2    | HP: 43/108 [troll[an orc knight] (8)]
 24881 | Orc:1    | HP: 36/108 [troll[an orc knight] (2)]
 25168 | Orc:1    | Reached skill level 5 in Armour
 25408 | Orc:2    | HP: 52/109 [ogre/giant club (16)]
 25432 | Orc:2    | HP: 48/109 [orc warrior/long sword of draining (6)]
 25437 | Orc:2    | HP: 38/109 [orc warrior/long sword of draining (2)]
 25511 | Orc:2    | HP: 54/109 [troll (2)]
 25764 | Orc:2    | Received a gift from Okawaru
 25765 | Orc:2    | Got a faintly humming plate armour {god gift}
 25816 | Orc:2    | Identified the +9 plate armour "Miriujem" {god gift, rPois rN+} (Okawaru gifted it to you on level 2 of the Orcish Mines)
 25989 | Orc:2    | Reached XP level 14. HP: 98/116 MP: 18/18
 26055 | Orc:2    | Learned a level 3 spell: Spectral Weapon
 26058 | Orc:2    | Learned a level 2 spell: Song of Slaying
 26065 | Orc:2    | Learned a level 6 spell: Deflect Missiles
 26065 | Orc:2    | Found Poshrao's Antique Armour Shop.
 26185 | Orc:2    | Found Toxei's Antique Weapon Emporium.
 26190 | Orc:2    | Found Recuink's Book Boutique.
 26191 | Orc:2    | Found Atohitu's Distillery.
 26557 | Orc:2    | HP: 54/116 [Donald/scimitar of protection (35)]
 26560 | Orc:2    | HP: 18/116 [Donald/scimitar of protection (28)]
 27361 | Lair:3   | Found a staircase to the Snake Pit.
 28022 | Lair:3   | Identified the +9 war axe of Ikosh {god gift, drain, rF+} (Okawaru gifted it to you on level 1 of the Orcish Mines)
 28157 | Orc:1    | Bought a scroll of brand weapon for 300 gold pieces
 28315 | Lair:4   | Reached skill level 6 in Armour
 28719 | Lair:4   | Got a brightly glowing glass ring
 28782 | Lair:4   | Reached skill level 13 in Fighting
 28786 | Lair:4   | Noticed Nessos
 28795 | Lair:4   | HP: 54/118 [meliai/hand axe of electrocution (12)]
 28802 | Lair:4   | HP: 25/118 [Nessos (5)]
 29224 | Lair:4   | Reached skill level 15 in Axes
 29268 | Lair:4   | Received a gift from Okawaru
 29625 | Lair:4   | theanonym: ??curare[2
 29625 | Lair:4   | beem: curare[2/2]: According to ogaz, you should carry curare around with you so that you can forget to use it and then feel like an idiot when you die.
 29642 | Lair:4   | Killed Nessos
 29683 | Lair:4   | theanonym: ??snakebite
 29683 | Lair:4   | beem: snakebite[1/1]: A +8 whip of venom with poison resistance. Applies curare on 40% of hits in addition to venom brand.
 29969 | Lair:5   | Identified the ring "Rofykhlo" {Fire rElec SInv} (You found it on level 4 of the Lair of Beasts)
 30254 | Lair:5   | Found a staircase to the Slime Pits.
 30845 | Lair:6   | Entered Level 6 of the Lair of Beasts
 30857 | Lair:6   | Reached skill level 7 in Armour
 31836 | Lair:6   | Received a gift from Okawaru
 31855 | Lair:6   | HP: 57/119 [dire elephant (19)]
 31861 | Lair:6   | HP: 53/119 [dire elephant (5)]
 31879 | Lair:6   | HP: 49/119 [ball lightning[the power of Zot] (9)]
 32209 | Lair:6   | Reached XP level 15. HP: 120/125 MP: 19/19
 32304 | Lair:6   | HP: 57/125 [death yak (6)]
 32309 | Lair:6   | HP: 54/125 [death yak (5)]
 32317 | Lair:5   | HP: 18/125 [death yak (18)]
 32695 | Lair:5   | Reached skill level 14 in Fighting
 32695 | Lair:5   | Reached skill level 8 in Armour
 32818 | Lair:6   | Received a gift from Okawaru
 33424 | Lair:6   | Found a burning altar of Makhleb.
 33456 | Lair:6   | HP: 53/126 [hell beast (14)]
 33462 | Lair:6   | HP: 34/126 [hell beast (9)]
 33626 | Lair:6   | HP: 63/126 [red devil/trident (10)]
 33917 | Lair:6   | Found a gateway to Hell.
 34434 | Orc:1    | Found Usmitocw's Weapon Shop.
 34457 | Orc:1    | Found Yvekhaoch's Distillery.
 34489 | Orc:1    | Found Caxizao's Gadget Emporium.
 34695 | Orc:2    | Received a gift from Okawaru
 34992 | Orc:2    | Found a staircase to the Elven Halls.
 35018 | Orc:2    | HP: 60/126 [Donald/scimitar of protection (19)]
 35028 | Orc:2    | HP: 61/126 [Donald/scimitar of protection (1)]
 35029 | Orc:2    | Killed Donald
 35029 | Orc:2    | Received a gift from Okawaru
 35032 | Orc:2    | Got a jewelled shield {Donald}
 35043 | Orc:2    | Identified the +4 shield of Starshine {Donald, +Inv rPois} (You took it off Donald on level 2 of the Orcish Mines)
 35056 | Orc:2    | Found Poshrao's Antique Armour Shop.
 35312 | Orc:2    | Identified the +2 broad axe of the Original Sin {god gift, chop, Str+5 Dex+4} (Okawaru gifted it to you on level 2 of the Orcish Mines)
 35612 | D:11     | Noticed Nergalle
 35631 | D:11     | Killed Nergalle
 36716 | D:12     | HP: 61/127 [ogre/giant club (20)]
 37286 | D:12     | Reached skill level 9 in Armour
 37602 | D:12     | Got a steaming lead ring
 37603 | D:12     | Identified the ring "Nuutut" {rElec AC+6} (You found it on level 12 of the Dungeon)
 37686 | D:13     | Received a gift from Okawaru
 37719 | D:13     | HP: 54/127 [13-headed hydra (11)]
 38722 | D:14     | Reached skill level 16 in Axes
 39052 | D:14     | HP: 59/127 [eight-headed hydra (9)]
 39057 | D:14     | HP: 48/127 [six-headed hydra (6)]
 39528 | D:14     | Found a gate to the Vaults.
 39827 | D:15     | Entered Level 15 of the Dungeon
 39962 | D:15     | Reached skill level 15 in Fighting
 40012 | D:15     | Received a gift from Okawaru
 40012 | D:15     | Reached XP level 16. HP: 118/136 MP: 20/20
 40029 | D:15     | Found a staircase to the Depths.
 40039 | D:15     | HP: 49/136 [earth elemental[a deep elf mage] (22)]
 40063 | D:15     | HP: 52/136 [necromancer/dagger of protection (3)]
 41481 | Snake:1  | Entered Level 1 of the Snake Pit
 41576 | Snake:1  | Reached skill level 10 in Armour
 41578 | Snake:1  | HP: 65/136 [naga warrior/halberd (17)]
 41584 | Lair:3   | Received a gift from Okawaru
 42007 | Snake:1  | HP: 63/136 [naga warrior/halberd (9)]
 42012 | Snake:1  | HP: 38/136 [naga warrior/halberd of venom (11)]
 42101 | Snake:1  | HP: 49/136 [naga warrior/halberd (1)]
 42836 | Snake:1  | HP: 68/136 [anaconda (2)]
 43392 | Snake:1  | Noticed Aizul
 43415 | Snake:1  | Killed Aizul
 43677 | Snake:2  | Found a sparkling altar of Nemelex Xobeh.
 43688 | Snake:2  | Received a gift from Okawaru
 44505 | Snake:2  | Received a gift from Okawaru
 44574 | Snake:2  | Identified the +1 buckler "Ygruicu" {god gift, rElec MR- Str+2} (Okawaru gifted it to you on level 2 of the Snake Pit)
 44783 | Snake:2  | Reached skill level 5 in Shields
 44898 | Snake:2  | Noticed Asterion
 44929 | Snake:2  | HP: 69/138 [burnt (1)]
 44935 | Snake:2  | Killed Asterion
 44935 | Snake:2  | Reached skill level 16 in Fighting
 44935 | Snake:2  | HP: 65/138 [burnt (1)]
 45626 | Snake:2  | Reached skill level 11 in Armour
 45634 | Snake:2  | HP: 61/138 [acid (16)]
 45945 | Snake:3  | Found Wimaw's Magic Scroll Emporium.
 45950 | Snake:3  | Found a flickering gateway to a bazaar.
 45956 | Bazaar   | Entered a bazaar
 45970 | Bazaar   | Found Kysiedgh's Book Emporium.
 45985 | Bazaar   | Found Boumya's Food Shoppe.
 46000 | Bazaar   | Found Baihoass's Food Shoppe.
 46000 | Bazaar   | Found Oczo's Weapon Emporium.
 46056 | Snake:3  | HP: 60/138 [naga sharpshooter/arrow (10)]
 46062 | Snake:3  | HP: 51/138 [naga sharpshooter/arrow (11)]
 46069 | Snake:3  | HP: 39/138 [naga sharpshooter/uncursed enchanted hand axe (10)]
 46390 | Snake:3  | Reached XP level 17. HP: 137/144 MP: 21/21
 46597 | Snake:3  | Reached skill level 17 in Axes
 46819 | Snake:3  | Identified a scroll of acquirement
 46826 | Snake:3  | Got a flickering tin amulet
 46827 | Snake:3  | Identified the amulet "Sadicuol" {Acrobat rC+ Int+4} (You acquired it on level 3 of the Snake Pit)
 46864 | Snake:3  | Bought a scroll of teleportation for 42 gold pieces
 46864 | Snake:3  | Bought a scroll of teleportation for 42 gold pieces
 46864 | Snake:3  | Bought a scroll of blinking for 105 gold pieces
 46864 | Snake:3  | Bought a scroll of summoning for 133 gold pieces
 46864 | Snake:3  | Bought 3 scrolls of teleportation for 126 gold pieces
 46864 | Snake:3  | Bought 3 scrolls of fear for 147 gold pieces
 46864 | Snake:3  | Bought a scroll of identify for 28 gold pieces
 46920 | Snake:3  | Found Qagiu's Armour Shoppe.
 46954 | Snake:3  | Found a radiant altar of Vehumet.
 47002 | Snake:3  | Found Zimuim's Distillery.
 47199 | Snake:4  | Entered Level 4 of the Snake Pit
 47267 | Snake:4  | Reached skill level 6 in Shields
 47909 | Snake:4  | Noticed Nikola
 47933 | Snake:4  | Killed Nikola
 47933 | Snake:4  | Received a gift from Okawaru
 47990 | Snake:4  | HP: 67/145 [black mamba (11)]
 47997 | Snake:4  | HP: 64/145 [naga ritualist/dagger of venom (2)]
 48417 | Snake:4  | Reached skill level 7 in Shields
 48660 | Snake:4  | Reached skill level 12 in Armour
 48932 | Snake:4  | Reached XP level 18. HP: 102/153 MP: 19/22
 48936 | Snake:4  | Reached skill level 17 in Fighting
 49142 | Snake:4  | Got a serpentine rune of Zot
 49487 | Snake:4  | Found Gitt's Jewellery Shop.
 49487 | Snake:4  | Found Podibb's Gadget Emporium.
 49488 | Snake:4  | Found Tiareax's Gadget Emporium.
 49495 | Snake:4  | Bought a +5 ring of protection for 990 gold pieces
 49499 | Snake:4  | Bought a wand of digging (15) for 456 gold pieces
 50002 | Snake:4  | Found Gitt's Jewellery Shop.
 50002 | Snake:4  | Found Tiareax's Gadget Emporium.
 50003 | Snake:4  | Found Podibb's Gadget Emporium.
 50312 | Snake:2  | HP: 66/154 [acid (12)]
 50403 | Shoals:1 | Entered Level 1 of the Shoals
 50630 | Shoals:1 | Received a gift from Okawaru
 50811 | Shoals:1 | Found Cischit's Distillery.
 50825 | Shoals:1 | Noticed Frances
 50834 | Shoals:1 | Killed Frances
 50989 | Shoals:1 | Received a gift from Okawaru
 51062 | Shoals:1 | Reached skill level 8 in Shields
 52250 | Shoals:3 | theanonym: !lg . urune>3 race=mu s=char !win
 52250 | Shoals:3 | beem: 3 games for theanonym (urune>3 race=mu !win): MuAK, MuBe, MuWz
 52250 | Shoals:3 | theanonym: !lg . urune>=3 race=mu s=char !win
 52250 | Shoals:3 | beem: 3 games for theanonym (urune>=3 race=mu !win): MuAK, MuBe, MuWz
 52250 | Shoals:3 | theanonym: !lg . urune>=3 race=mu !win s=char,urune
 52250 | Shoals:3 | beem: 3 games for theanonym (urune>=3 race=mu !win): MuAK (5), MuBe (4), MuWz (5)
 52462 | Snake:4  | Bought an uncursed amulet of guardian spirit for 540 gold pieces
 52852 | Shoals:3 | Noticed Jorgrun
 52853 | Shoals:3 | Noticed Roxanne
 52866 | Shoals:3 | HP: 71/155 [faun/spear[a satyr] (18)]
 52871 | Shoals:3 | HP: 60/155 [faun/sling bullet[a satyr] (9)]
 53261 | Shoals:3 | Killed Jorgrun
 53295 | Shoals:3 | HP: 72/155 [satyr/arrow (13)]
 53300 | Shoals:3 | HP: 36/155 [satyr/arrow (11)]
 53306 | Shoals:3 | HP: 30/155 [satyr/uncursed club (8)]
 53838 | Shoals:3 | Received a gift from Okawaru
 53838 | Shoals:3 | Reached skill level 2 in Dodging
 54015 | Shoals:4 | Entered Level 4 of the Shoals
 54353 | Shoals:4 | Noticed Ilsuiw
 54372 | Shoals:4 | Received a gift from Okawaru
 54382 | Shoals:4 | Killed Ilsuiw
 54385 | Shoals:4 | Reached skill level 9 in Shields
 54399 | Shoals:4 | HP: 76/155 [merfolk javelineer/javelin of penetration (4)]
 54404 | Shoals:4 | HP: 55/155 [merfolk javelineer/javelin of penetration (3)]
 54831 | Shoals:4 | Noticed Kirke
 54844 | Shoals:4 | Killed Kirke
 54868 | Shoals:4 | Reached skill level 3 in Dodging
 54971 | Shoals:4 | Received a gift from Okawaru
 54971 | Shoals:4 | Reached skill level 18 in Axes
 54980 | Shoals:4 | Reached XP level 19. HP: 120/162 MP: 18/23
 54994 | Shoals:4 | HP: 77/162 [merfolk impaler/trident of freezing (5)]
 54999 | Shoals:4 | HP: 56/162 [manticore (1)]
 55010 | Shoals:4 | HP: 42/162 [merfolk impaler/trident of venom (7)]
 55017 | Shoals:4 | HP: 42/162 [merfolk impaler/trident of freezing (2)]
 55044 | Shoals:4 | HP: 39/162 [merfolk aquamancer/shard of ice (12)]
 55592 | Shoals:4 | Reached skill level 13 in Armour
 55931 | Shoals:4 | Got a barnacled rune of Zot
 56150 | Elf:1    | Entered Level 1 of the Elven Halls
 56392 | Elf:1    | Reached skill level 4 in Dodging
 56397 | Elf:1    | Identified Gushreaxt's Tome of the New World
 56775 | Elf:1    | Found a portal to a secret trove of treasure.
 57052 | Elf:2    | Found a radiant altar of Vehumet.
 57119 | Elf:2    | Reached skill level 6 in Invocations
 57138 | Elf:2    | Found a runed door.
 57160 | Elf:2    | Found a runed door.
 57210 | Elf:2    | Reached skill level 18 in Fighting
 57328 | Elf:2    | Found a deep blue altar of Sif Muna.
 57382 | Elf:2    | Found Oraener's Book Boutique.
 57587 | Elf:2    | Cast into level 4 of the Abyss (bardiche of distortion)
 57588 | Abyss:4  | Got an abyssal rune of Zot
 57775 | Abyss:4  | Received a gift from Okawaru
 58079 | Abyss:4  | Reached skill level 5 in Dodging
 58110 | Abyss:4  | Found a transporter.
 58112 | Abyss:4  | Found a corrupted altar of Lugonu.
 58267 | Elf:2    | Escaped the Abyss
 58285 | Elf:2    | Reached skill level 10 in Shields
 58289 | Elf:2    | HP: 64/163 [battleaxe of chopping (21)]
 58295 | Elf:2    | HP: 36/163 [battleaxe of chopping (1)]
 58760 | Elf:2    | Reached skill level 7 in Invocations
 58884 | Elf:3    | Entered Level 3 of the Elven Halls
 59042 | Elf:3    | Received a gift from Okawaru
 59809 | Elf:3    | Reached XP level 20. HP: 96/172 MP: 10/25
 59809 | Elf:3    | HP: 85/172 [deep elf high priest/divine providence (11)]
 59815 | Elf:3    | HP: 85/172 [deep elf annihilator/poison arrow (2)]
 59829 | Elf:3    | HP: 50/172 [Brimstone Fiend/damnation[a deep elf demonologist] (36)]
 60176 | Elf:3    | Reached skill level 8 in Invocations
 60237 | Elf:3    | HP: 78/172 [deep elf master archer/arrow (17)]
 60238 | Elf:3    | Reached skill level 3 in Spellcasting
 60240 | Elf:3    | Reached skill level 1 in Hexes
 60240 | Elf:3    | Reached skill level 1 in Charms
 60241 | Elf:3    | HP: 23/172 [deep elf annihilator/iron shot (34)]
 61204 | Elf:3    | Reached skill level 4 in Spellcasting
 61223 | Elf:3    | Reached skill level 2 in Hexes
 61299 | Elf:3    | Reached skill level 2 in Charms
 61347 | Elf:3    | Got a scintillating bone ring
 61378 | Elf:3    | Reached skill level 14 in Armour
 61719 | Elf:3    | Identified Sif Muna's Collected Works on Freezing Necromancy
 61725 | Elf:3    | Identified the Compendium of Boosting Transformation
 61736 | Elf:3    | Identified Cehueqatu's Incunabulum of Boosting Summoning
 61759 | Elf:3    | Got a pair of shimmering gloves
 61803 | Elf:3    | Identified the +0 pair of gloves "Regok" {MP+9 Int+3} (You found it on level 3 of the Elven Halls)
 61804 | Elf:3    | Identified the ring "Nuloless" {rPois Str+3 Int-3 Dex+2} (You took it off a deep elf death mage on level 3 of the Elven Halls)
 62033 | Vaults:1 | Entered Level 1 of the Vaults
 62081 | Vaults:1 | Reached skill level 5 in Spellcasting
 62184 | Vaults:1 | Reached skill level 3 in Hexes
 62243 | Vaults:1 | Reached skill level 3 in Charms
 62509 | Vaults:1 | Received a gift from Okawaru
 62520 | Vaults:1 | HP: 86/172 [vault warden/bardiche of venom (17)]
 62522 | Vaults:1 | Reached skill level 6 in Spellcasting
 62530 | Vaults:1 | Reached skill level 4 in Hexes
 62907 | Vaults:1 | Reached skill level 19 in Fighting
 63444 | Vaults:2 | Reached skill level 4 in Charms
 63464 | Vaults:2 | HP: 81/174 [ironbrand convoker (illusionary)/flail[a vault warden] (12)]
 63490 | Vaults:2 | HP: 87/174 [freezing wraith (1)]
 63834 | Vaults:2 | Reached skill level 7 in Spellcasting
 63940 | Vaults:2 | Reached XP level 21. HP: 115/180 MP: 25/31
 63944 | Vaults:2 | Reached skill level 5 in Hexes
 64082 | Vaults:2 | Found a staircase to the Crypt.
 64163 | Vaults:2 | Received a gift from Okawaru
 64552 | Vaults:2 | Reached skill level 5 in Charms
 64554 | Vaults:2 | Reached skill level 8 in Spellcasting
 65078 | Vaults:2 | Reached skill level 6 in Hexes
 65203 | Vaults:2 | theanonym: !lg . mu !win urune>=1 s=cplace
 65203 | Vaults:2 | beem: Unknown field: cplace
 65203 | Vaults:2 | theanonym: !lg . mu !win urune>=1 s=place
 65203 | Vaults:2 | beem: 4 games for theanonym (mu !win urune>=1): Abyss:1, Crypt:3, Slime:5, Zig:24
 65382 | Vaults:3 | Reached skill level 9 in Spellcasting
 65501 | Vaults:3 | Received a gift from Okawaru
 65522 | Vaults:3 | Noticed Bai Suzhen
 65553 | Vaults:3 | HP: 90/181 [12-headed hydra[Bai Suzhen] (3)]
 65565 | Vaults:3 | HP: 47/181 [sphinx (12)]
 65574 | Vaults:3 | Killed Bai Suzhen
 65596 | Vaults:3 | HP: 48/181 [deep elf knight/enchanted long sword[an ironheart preserver] (3)]
 65609 | Vaults:3 | Reached skill level 6 in Charms
 65657 | Vaults:3 | HP: 52/181 [deep troll (8)]
 66506 | Vaults:3 | Reached skill level 7 in Hexes
 66680 | Vaults:3 | Reached skill level 15 in Armour
 66941 | Vaults:3 | Found Xown's Weapon Emporium.
 66982 | Vaults:4 | Reached skill level 10 in Spellcasting
 67003 | Vaults:4 | Reached XP level 22. HP: 113/189 MP: 21/36
 67227 | Vaults:4 | Noticed Frederick
 67247 | Vaults:4 | Killed Frederick
 67247 | Vaults:4 | Received a gift from Okawaru
 67375 | Vaults:4 | Noticed Xtahua
 67376 | Vaults:4 | Reached skill level 7 in Charms
 67391 | Vaults:4 | Killed Xtahua
 67642 | Vaults:4 | Reached skill level 8 in Hexes
 67646 | Vaults:4 | Reached skill level 6 in Dodging
 67674 | Vaults:4 | HP: 80/190 [ettin/dire flail (18)]
 67972 | Vaults:4 | Found Buer Sufry's Book Emporium.
 68022 | Vaults:4 | Reached skill level 20 in Fighting
 68284 | Vaults:4 | Received a gift from Okawaru
 68753 | Vaults:5 | Entered Level 5 of the Vaults
 69027 | Crypt:1  | Entered Level 1 of the Crypt
 69289 | Crypt:1  | Found a transporter.
 69298 | Crypt:1  | Reached skill level 7 in Dodging
 69313 | Crypt:1  | Found a transporter.
 69378 | Crypt:1  | Reached skill level 11 in Spellcasting
 69378 | Crypt:1  | Reached skill level 9 in Hexes
 69949 | Crypt:1  | HP: 86/190 [jiangshi[a curse skull] (16)]
 69955 | Crypt:1  | HP: 81/190 [skeletal warrior/flail[an orange crystal statue] (7)]
 70514 | Crypt:2  | Received a gift from Okawaru
 70538 | Crypt:2  | Noticed Jory
 70555 | Crypt:2  | Killed Jory
 70567 | Crypt:2  | Reached XP level 23. HP: 101/196 MP: 11/38
 71328 | Crypt:2  | Reached skill level 12 in Spellcasting
 71455 | Crypt:2  | Reached skill level 8 in Dodging
 71926 | Crypt:3  | Entered Level 3 of the Crypt
 71972 | Crypt:3  | Reached skill level 8 in Charms
 72065 | Crypt:3  | Noticed Mara
 72074 | Crypt:3  | Killed Mara
 72074 | Crypt:3  | Reached skill level 10 in Hexes
 72112 | Crypt:3  | Reached skill level 16 in Armour
 72118 | Crypt:3  | Noticed Sojobo
 72142 | Crypt:3  | Killed Sojobo
 72142 | Crypt:3  | Received a gift from Okawaru
 72224 | Crypt:3  | HP: 98/196 [anaconda zombie[a curse skull] (5)]
 72229 | Crypt:3  | HP: 86/196 [anaconda zombie[a curse skull] (1)]
 72627 | Crypt:3  | HP: 95/196 [freezing wraith (8)]
 73046 | Crypt:3  | Found a staircase to the Tomb.
 73565 | Crypt:3  | HP: 98/196 [skeletal warrior/glaive (3)]
 73567 | Crypt:3  | Reached skill level 9 in Dodging
 73571 | Crypt:3  | Reached skill level 13 in Spellcasting
 73827 | Crypt:3  | Reached skill level 9 in Charms
 73879 | Crypt:3  | Found the +7 sceptre of Torment
 74107 | Crypt:3  | Found an ancient bone altar of Kikubaaqudgha.
 74108 | Crypt:3  | Found a basalt altar of Yredelemnul.
 74108 | Crypt:3  | Noticed an ancient lich
 74129 | Crypt:3  | Cast into level 5 of the Abyss (an ancient lich)
 74129 | Abyss:5  | Entered Level 5 of the Abyss
 74144 | Crypt:3  | Escaped the Abyss
 74148 | Crypt:3  | Killed an ancient lich
 74711 | Depths:1 | Entered Level 1 of the Depths
 74927 | Elf:1    | You showed the abyssal rune of Zot to enter a treasure trove
 74928 | Trove    | Entered a treasure trove
 74941 | Trove    | Identified Sif Muna's Papyrus of Necromancy and Confrontation
 74984 | Trove    | Identified the Collected Works on the Unholy Snowflakes
 74987 | Trove    | Identified Sif Muna's Incunabulum of Beguiling and the Compass
 75239 | Depths:1 | Got a shimmering turquoise ring
 75240 | Depths:1 | Identified the ring "Cyagoimi" {rF+ Str+3} (You acquired it on level 1 of the Depths)
 75320 | Depths:1 | Reached XP level 24. HP: 168/205 MP: 29/40
 75362 | Depths:1 | Reached skill level 10 in Dodging
 75529 | Depths:1 | Found a one-way gate to the infinite horrors of the Abyss.
 75628 | Depths:1 | Found a one-way gate leading to the halls of Pandemonium.
 75741 | Depths:1 | Received a gift from Okawaru
 76252 | Depths:1 | Reached skill level 9 in Invocations
 76548 | Depths:2 | theanonym: !speedabuss
 76548 | Depths:2 | theanonym: !speedabyss
 76548 | Depths:2 | beem: theanonym's fastest abyss rune retrieval: 1
 76645 | Depths:2 | Received a gift from Okawaru
 76660 | Depths:2 | Identified the +0 plate armour "Wireh" {god gift, rElec rPois rF- rCorr} (Okawaru gifted it to you on level 2 of the Depths)
 76664 | Depths:2 | HP: 101/206 [red very ugly thing (7)]
 76669 | Depths:2 | HP: 97/206 [tengu warrior/long sword (6)]
 76670 | Depths:2 | Reached skill level 17 in Armour
 76993 | Depths:2 | Noticed Louise
 77004 | Depths:2 | Reached skill level 10 in Invocations
 77011 | Depths:2 | HP: 102/206 [Louise/eveningstar of holy wrath (7)]
 77019 | Depths:2 | HP: 98/206 [Louise/eveningstar of holy wrath (4)]
 77022 | Depths:2 | Killed Louise
 77348 | Depths:2 | HP: 99/206 [acid (9)]
 77361 | Depths:2 | HP: 96/206 [frost giant/bolt of cold (7)]
 77368 | Depths:2 | HP: 92/206 [frost giant/bolt of cold (2)]
 77375 | Depths:2 | HP: 67/206 [frost giant/bolt of cold (6)]
 77382 | Depths:2 | Paralysed by a floating eye for 2 turns
 77557 | Depths:2 | HP: 103/206 [frost giant/bolt of cold (5)]
 77563 | Depths:2 | HP: 91/206 [frost giant/bolt of cold (5)]
 77877 | Depths:2 | Reached skill level 21 in Fighting
 77901 | Depths:2 | HP: 96/208 [jiangshi[a vampire mage] (10)]
 78546 | Depths:2 | Found Rayl's Food Shop.
 78572 | Depths:2 | Reached skill level 11 in Hexes
 79391 | Depths:3 | Received a gift from Okawaru
 79392 | Depths:3 | Found the +8 mithril axe "Arga" {god gift, speed, MR+}
 79472 | Depths:3 | HP: 94/208 [ettin/dire flail (13)]
 79476 | Depths:3 | Reached XP level 25. HP: 97/214 MP: 20/40
 79478 | Depths:3 | HP: 92/214 [deep troll (6)]
 79487 | Depths:3 | HP: 83/214 [deep troll (2)]
 79492 | Depths:3 | HP: 82/214 [ettin/dire flail (2)]
 79498 | Depths:3 | HP: 81/214 [deep troll (2)]
 79509 | Depths:3 | HP: 69/214 [death yak (14)]
 79920 | Depths:3 | Reached skill level 12 in Hexes
 79981 | Depths:3 | Found a gateway to a ziggurat.
 80008 | Zig:1    | Entered Level 1 of a ziggurat
 80151 | Zig:2    | Entered Level 2 of a ziggurat
 80193 | Zig:3    | Entered Level 3 of a ziggurat
 80235 | Zig:3    | Identified the +5 plate armour of Trial and Error {-Tele Int+4 SInv} (You found it on level 3 of a ziggurat)
 80264 | Zig:4    | Entered Level 4 of a ziggurat
 80312 | Zig:4    | Identified the Incunabulum of the Dusty Blaze
 80363 | Zig:5    | Entered Level 5 of a ziggurat
 80390 | Zig:5    | Received a gift from Okawaru
 80533 | Zig:6    | Entered Level 6 of a ziggurat
 80629 | Zig:7    | Entered Level 7 of a ziggurat
 80651 | Zig:7    | Reached skill level 14 in Spellcasting
 80653 | Zig:7    | Reached skill level 13 in Hexes
 80892 | Zig:8    | Entered Level 8 of a ziggurat
 80911 | Zig:8    | Received a gift from Okawaru
 80961 | Zig:8    | Identified the Collected Works on Ashen Weightlessness
 80967 | Zig:8    | Identified the cursed +0 plate armour of Resourcefulness {+Inv Str+9} (You found it on level 8 of a ziggurat)
 81281 | Depths:3 | Reached skill level 10 in Charms
 81380 | Depths:3 | Noticed a juggernaut
 81388 | Depths:3 | HP: 92/214 [juggernaut (41)]
 81400 | Depths:3 | HP: 47/214 [juggernaut (36)]
 81404 | Depths:3 | HP: 23/214 [stone giant/large rock (21)]
 83121 | Depths:3 | Killed a juggernaut
 83121 | Depths:3 | Reached skill level 14 in Hexes
 83159 | Depths:3 | HP: 107/214 [titan zombie (19)]
 83533 | Depths:4 | Learned a level 6 spell: Darkness
 83540 | Depths:4 | Learned a level 6 spell: Invisibility
 83835 | Depths:4 | Learned a level 2 spell: Blink
 83839 | Depths:4 | Learned a level 3 spell: Lesser Beckoning
 83890 | Depths:4 | Reached skill level 1 in Translocations
 83942 | Depths:4 | Reached skill level 2 in Translocations
 84094 | Depths:4 | Received a gift from Okawaru
 84167 | Depths:4 | Reached skill level 3 in Translocations
 84234 | Depths:4 | Reached skill level 4 in Translocations
 84262 | Depths:4 | Found Vaffom's Jewellery Shoppe.
 84507 | Depths:4 | Reached skill level 5 in Translocations
 84834 | Depths:5 | Entered Level 5 of the Depths
 84844 | Depths:5 | Noticed a juggernaut
 84862 | Depths:5 | Killed a juggernaut
 84862 | Depths:5 | Reached skill level 6 in Translocations
 85001 | Depths:5 | Gained mutation: You are strongly in touch with the powers of death. [Mummy growth]
 85001 | Depths:5 | Reached XP level 26. HP: 222/222 MP: 41/41
 85019 | Depths:5 | Noticed a juggernaut
 85032 | Depths:5 | Killed a juggernaut
 85032 | Depths:5 | Reached skill level 7 in Translocations
 85235 | Depths:5 | Reached skill level 8 in Translocations
 85425 | Depths:5 | Noticed Poenetso's ghost (journeyman SpBe)
 85428 | Depths:5 | Found a runed gate.
 85428 | Depths:5 | Found a runed gate.
 85428 | Depths:5 | Found a runed gate.
 85485 | Depths:5 | Reached skill level 9 in Translocations
 85498 | Depths:5 | HP: 111/222 [tentacled monstrosity (6)]
 85512 | Depths:5 | HP: 111/222 [deep elf high priest/divine providence (7)]
 85519 | Depths:5 | HP: 107/222 [shadow dragon (6)]
 85527 | Depths:5 | HP: 102/222 [deep elf high priest/divine providence (9)]
 85546 | Depths:5 | HP: 96/222 [tentacled monstrosity (5)]
 85562 | Depths:5 | Killed Poenetso's ghost
 85562 | Depths:5 | Received a gift from Okawaru
 85766 | Depths:5 | Reached skill level 10 in Translocations
 85937 | Depths:5 | Reached skill level 18 in Armour
 86008 | Depths:5 | Reached skill level 15 in Spellcasting
 86197 | Depths:5 | Found a gate to the Realm of Zot.
 86461 | Zot:1    | Entered Level 1 of the Realm of Zot
 86573 | Zot:1    | Noticed an orb of fire
 86608 | Zot:1    | Reached skill level 15 in Hexes
 86615 | Zot:1    | Killed an orb of fire
 86615 | Zot:1    | Reached skill level 16 in Spellcasting
 86766 | Zot:1    | Identified the ring "Icalit" {MR+ Str+6 Dex+2} (You acquired it on level 1 of the Realm of Zot)
 87101 | Zot:2    | HP: 102/222 [black draconian annihilator/iron shot (17)]
 87359 | Zot:2    | Reached skill level 17 in Spellcasting
 87512 | Zot:2    | HP: 109/222 [electric golem (4)]
 87517 | Zot:2    | HP: 95/222 [quicksilver dragon/bolt of dispelling energy (16)]
 87528 | Zot:2    | HP: 91/222 [white draconian/chilling blast (5)]
 87534 | Zot:2    | Reached skill level 18 in Spellcasting
 87915 | Zot:2    | Received a gift from Okawaru
 88341 | Zot:3    | Reached XP level 27. HP: 211/228 MP: 42/45
 88421 | Zot:3    | Reached skill level 19 in Spellcasting
 88479 | Zot:3    | HP: 114/228 [purple draconian knight/great mace of protection (9)]
 88832 | Zot:3    | Found a transporter.
 88835 | Zot:3    | Found the +0 mask of the Dragon {MR+ Slay+3 SInv}
 88844 | Zot:3    | Noticed an orb of fire
 88860 | Zot:3    | Killed an orb of fire
 88871 | Zot:3    | HP: 113/229 [purple draconian/bolt of dispelling energy (22)]
 88879 | Zot:3    | HP: 106/229 [yellow draconian monk (9)]
 88887 | Zot:3    | HP: 91/229 [yellow draconian monk (17)]
 88888 | Zot:3    | Reached skill level 19 in Axes
 89195 | Zot:3    | Found a transporter.
 89754 | Zot:3    | HP: 112/230 [red draconian stormcaller/divine providence (12)]
 89759 | Zot:3    | HP: 69/231 [golden dragon (7)]
 89991 | Zot:3    | HP: 107/231 [green draconian monk (31)]
 89996 | Zot:3    | HP: 69/231 [green draconian monk (4)]
 89999 | Zot:3    | Reached skill level 20 in Spellcasting
 90001 | Zot:3    | HP: 62/231 [black draconian monk (1)]
 90298 | Zot:3    | Got a scintillating silver ring
 90303 | Zot:3    | Got a clouded golden ring
 90304 | Zot:3    | Identified the ring of Winter {rElec rF+ MR+ Int-5 Stlth+} (You found it on level 3 of the Realm of Zot)
 90305 | Zot:3    | Identified the ring "Miluxko" {Str+2 Slay+2 Stlth-} (You found it on level 3 of the Realm of Zot)
 90364 | Zot:4    | Received a gift from Okawaru
 90371 | Zot:4    | Reached skill level 22 in Fighting
 90501 | Zot:4    | HP: 114/231 [moth of wrath (8)]
 90724 | Zot:4    | HP: 112/231 [white draconian/chilling blast (10)]
 90734 | Zot:4    | HP: 81/231 [storm dragon (7)]
 90740 | Zot:4    | HP: 50/231 [storm dragon (4)]
 90745 | Zot:4    | HP: 26/231 [acid (9)]
 90749 | Zot:4    | Killed from afar by a yellow draconian stormcaller

Vanquished Creatures
  2 orbs of fire
  Mara (Crypt:3)
  An ancient lich (Crypt:3)
  3 juggernauts
  Sojobo (Crypt:3)
  Frederick (Vaults:4)
  Bai Suzhen (Vaults:3)
  2 caustic shrikes (Depths:2)
  Xtahua (Vaults:4)
  2 Killer Klowns
  A curse toe (Zot:4)
  6 golden dragons
  Nikola (Snake:4)
  2 bone dragons
  Jory (Crypt:2)
  A doom hound (Zig:8)
  4 liches
  An electric golem (Zot:2)
  Jorgrun (Shoals:3)
  22 tentacled monstrosities
  6 quicksilver dragons
  3 deep elf blademasters
  Asterion (Snake:2)
  3 titans
  5 death cobs
  2 krakens
  8 ancient champions
  2 deep elf master archers (Elf:3)
  Frances (Shoals:1)
  6 sphinxes
  Kirke (Shoals:4)
  6 shadow dragons
  5 tengu reavers
  5 storm dragons
  7 draconian monks
  9 nagarajas
  A revenant (Crypt:3)
  Ilsuiw (Shoals:4)
  7 fire giants
  13 vault wardens
  A large abomination (Depths:5)
  14 frost giants
  Louise (Depths:2)
  3 deep elf sorcerers (Elf:3)
  6 draconian scorchers
  4 draconian knights
  2 iron dragons
  A ghost moth (Zot:4)
  Aizul (Snake:1)
  5 curse skulls
  13 ghouls
  2 deep elf elementalists (Elf:3)
  3 cacodemons (Zot:3)
  A caustic shrike zombie (Crypt:3)
  An emperor scorpion (Zig:5)
  5 draconian annihilators
  12 ironheart preservers
  7 vampire knights
  A spriggan defender (Depths:4)
  2 reapers (Zig:8)
  A draconian stormcaller (Zot:3)
  An entropy weaver (Zig:4)
  5 draconian shifters
  28 stone giants
  26 very ugly things
  4 deep elf demonologists (Elf:3)
  Nessos (Lair:4)
  8 green draconians
  A minotaur (Lab)
  7 spark wasps
  9 black draconians
  12 red draconians
  The ghost of Poenetso the Nimble, a journeyman SpBe of Trog (Depths:5)
  8 purple draconians
  5 white draconians
  6 yellow draconians
  2 pale draconians (Depths:5)
  3 dire elephants (Lair:6)
  12 deep elf annihilators
  12 deep elf death magi
  A blizzard demon (Zig:6)
  23 ettins
  3 eidola
  16 jiangshi
  7 merfolk impalers
  A mummy priest (Zig:1)
  6 merfolk javelineers
  The ghost of Xenophilius the Grappler, a journeyman TrMo of Cheibriados (Lair:2)
  8 yaktaur captains
  11 great orbs of eyes
  14 fire dragons
  10 deep elf high priests
  2 hell beasts
  5 ice dragons
  7 hydras
  8 rakshasas
  33 vault guards
  22 naga warriors
  2 spriggan air magi
  3 merfolk avatars
  An alligator snapping turtle (Shoals:1)
  6 death knights
  6 merfolk aquamancers
  4 satyrs
  57 two-headed ogres
  Erica (D:8)
  4 centaur warriors
  11 anacondas
  4 catoblepae
  24 dancing weapons
  19 ogre magi
  9 deep troll earth magi
  12 vampire magi
  8 tengu warriors
  9 death yaks
  6 deep troll shamans
  10 shock serpents
  Urug (D:10)
  2 titan zombies (Depths:3)
  8 spriggan berserkers
  10 naga sharpshooters
  Nergalle (D:11)
  13 hell knights
  2 fire crabs (shapeshifter)
  7 shadow wraiths
  2 wretched stars (Abyss:4)
  17 deep elf knights
  33 skeletal warriors
  20 deep trolls
  A titan skeleton (Crypt:1)
  A sixfirhy (Abyss:4)
  6 salamander mystics
  A spark wasp zombie (Crypt:1)
  6 sea snakes
  A glowing orange brain (shapeshifter) (Depths:5)
  A deep troll (shapeshifter) (Vaults:4)
  8 flayed ghosts
  9 unseen horrors
  A death drake (Abyss:4)
  13 phantasmal warriors
  3 glowing orange brains
  6 wizards
  7 naga ritualists
  An orange crystal statue (Crypt:1)
  A quicksilver dragon simulacrum (Crypt:1)
  12 ironbrand convokers
  6 deep elf archers
  2 lindwurms (Lair:4)
  2 orb spiders
  15 harpies
  29 ugly things
  13 orc knights
  7 mana vipers
  5 orc sorcerers
  9 necromancers
  47 deep elf magi
  A human zombie (Vaults:1)
  10 wolf spiders
  A stone giant zombie (Depths:3)
  18 fauns
  An iron dragon zombie (Crypt:1)
  16 cyclopes
  22 moths of wrath
  2 worldbinders (Abyss:4)
  Maurice (D:8)
  15 manticores
  2 iron dragon skeletons
  4 water nymphs
  24 salamanders
  2 shock serpent zombies
  A dire elephant zombie (Crypt:2)
  25 naga magi
  3 guardian serpents
  A black mamba (shapeshifter) (D:13)
  12 merfolk sirens
  3 frost giant skeletons
  16 elephants
  35 black mambas
  An orange demon (Lair:6)
  2 centaur zombies
  A rust devil (Depths:5)
  13 vault sentinels
  A titan simulacrum (Crypt:3)
  2 gargoyles
  A storm dragon simulacrum (Crypt:1)
  2 smoke demons (Abyss:4)
  5 spectral swamp worms (Depths:3)
  A human skeleton (Vaults:1)
  An ice statue (IceCv)
  8 spiny frogs
  2 eyes of devastation (Depths:3)
  A torpor snail (Zig:5)
  6 rime drakes
  A yaktaur zombie (D:15)
  6 komodo dragons
  A komodo dragon (shapeshifter) (Vaults:1)
  2 efreet
  29 freezing wraiths
  53 yaktaurs
  An anaconda simulacrum (Crypt:3)
  3 tormentors
  A yaktaur (shapeshifter) (Depths:2)
  7 catoblepas skeletons (Abyss:4)
  A demonic crawler (Zig:5)
  A red draconian skeleton (Crypt:1)
  An elf skeleton (D:15)
  2 red devils
  A golden dragon simulacrum (Crypt:3)
  7 ice devils
  3 hellwings
  4 tengu conjurers
  2 ancient zymes (Abyss:4)
  A yellow draconian skeleton (Crypt:3)
  4 guardian mummies
  A queen bee (Lair:4)
  A queen bee (shapeshifter) (Elf:3)
  21 merfolk
  A hydra zombie (Crypt:2)
  A shadow dragon simulacrum (Crypt:3)
  13 trolls
  A silent spectre (Zig:8)
  3 meliai (Lair:4)
  16 polar bears
  A jumping spider (Zig:5)
  2 wind drakes (shapeshifter)
  5 hornets
  A yaktaur skeleton (D:15)
  A polar bear (shapeshifter) (Vaults:1)
  A harpy skeleton (Crypt:2)
  A jumping spider (shapeshifter) (Depths:2)
  A moth of wrath zombie (Crypt:1)
  8 wind drakes
  An alligator zombie (Crypt:2)
  38 slime creatures
  4 raiju (Abyss:4)
  12 blink frogs
  A raiju (shapeshifter) (Depths:4)
  7 snapping turtles
  12 dream sheep
  An iron dragon simulacrum (Crypt:3)
  8 hippogriffs
  2 blink frogs (shapeshifter)
  2 ice dragon zombies
  A spriggan (Depths:5)
  A meliai zombie (Crypt:2)
  3 bog bodies (Crypt:2)
  A frost giant simulacrum (Crypt:3)
  A fire giant simulacrum (Vaults:1)
  2 redbacks
  A fire dragon skeleton (D:15)
  9 flying skulls
  3 shadows
  A tarantella (Zig:4)
  2 dire elephant simulacra
  5 vampires
  11 water elementals
  2 air elementals
  An ice dragon skeleton (Crypt:3)
  45 yaks
  Eustachio (D:5)
  A fire elemental (Elf:2)
  14 wraiths
  An ettin skeleton (Crypt:3)
  4 wyverns
  9 basilisks
  A tyrant leech zombie (Crypt:3)
  2 hogs (Shoals:4)
  A hungry ghost (D:9)
  3 emperor scorpion simulacra (Crypt:3)
  A neqoxec (Zig:2)
  3 steam dragons (Depths:5)
  3 wargs
  A catoblepas simulacrum (Crypt:3)
  A vampire mosquito (D:14)
  A warg (shapeshifter) (Vaults:1)
  An insubstantial wisp (Zig:2)
  77 nagas
  Edmund (D:6)
  2 tengu zombies
  10 water moccasins
  Duvessa (D:6)
  6 acid dragons
  A glowing shapeshifter zombie (Crypt:3)
  A spiny frog zombie (Crypt:2)
  13 porcupines
  5 hell hounds
  4 ice beasts
  A floating eye (Depths:2)
  2 ice dragon simulacra (Crypt:3)
  27 orc warriors
  2 small abominations (Abyss:4)
  3 sky beasts
  An eye of draining (shapeshifter) (Vaults:2)
  A lindwurm zombie (Crypt:1)
  A dream sheep zombie (Crypt:3)
  2 ettin simulacra (Crypt:3)
  4 black bears
  A black bear (shapeshifter) (Depths:1)
  2 necrophages
  3 starcursed masses (Abyss:4)
  A fire dragon simulacrum (Crypt:3)
  A black mamba simulacrum (Crypt:3)
  An eye of draining (Depths:3)
  3 phantoms
  6 boggarts
  24 wolves
  15 centaurs
  63 ogres
  A rime drake zombie (Crypt:3)
  15 crocodiles
  7 big kobolds
  14 bullfrogs
  A wyvern zombie (Crypt:1)
  2 gnoll sergeants (D:12)
  13 earth elementals
  A cyclops zombie (Depths:3)
  A wyvern skeleton (D:13)
  A hippogriff skeleton (Crypt:3)
  2 scorpions
  2 spriggan zombies
  35 killer bees
  2 manticore simulacra
  2 snapping turtle simulacra (Crypt:3)
  Dowan (D:6)
  3 human simulacra
  A spriggan skeleton (Crypt:1)
  A polar bear skeleton (Crypt:2)
  18 wights
  4 howler monkeys
  10 crimson imps
  3 bullfrog zombies
  2 lava snakes (D:7)
  6 hounds
  A quasit (D:15)
  6 jellies
  2 bullfrog skeletons
  21 orc priests
  4 centaur skeletons
  A gnoll shaman (D:10)
  An iron imp (Depths:1)
  26 orc wizards
  3 iguanas
  Terence (D:1)
  An iguana (shapeshifter) (Vaults:4)
  5 worker ants
  A lightning spire (Zig:7)
  A hound zombie (D:7)
  2 worker ant zombies
  7 gnolls
  10 adders
  2 shadow imps
  A white imp (Depths:1)
  An ufetubus (Depths:3)
  6 oozes
  An adder skeleton (D:9)
  A worm (D:3)
  A dart slug (D:1)
  3 leopard geckos
  73 orcs
  7 bats
  16 giant cockroaches
  4 goblins
  8 hobgoblins
  21 jackals
  17 kobolds
  5 quokkas
  7 ball pythons
  A ball python skeleton (D:3)
  4 frilled lizards
  2 jackal skeletons
  A jackal zombie (D:5)
  A leopard gecko zombie (D:9)
  An orc skeleton (Crypt:3)
  An orc zombie (Crypt:2)
  A quokka skeleton (Crypt:1)
  5 rats
  A rat skeleton (Crypt:2)
  5 crawling corpses
  7 fungi
  9 plants
  4 tentacles
2527 creatures vanquished.

Vanquished Creatures (collateral kills)
  Donald (Orc:2)
  An ironheart preserver (Vaults:3)
  A deep elf annihilator (Vaults:2)
  A deep elf knight (Vaults:2)
  A deep troll (Vaults:3)
  2 deep elf magi
  A tormentor (Zig:8)
  A polar bear (IceCv)
  A yak (IceCv)
  A necrophage (Zig:8)
  A shadow imp (Zig:8)
  2 giant cockroaches (D:3)
  A hobgoblin (D:2)
  A frilled lizard (D:2)
16 creatures vanquished.

Vanquished Creatures (others)
  A sphinx (Vaults:3)
  A storm dragon (Zot:4)
  A ghost moth (Zig:5)
  A white draconian (Zot:2)
  A red draconian (Zot:3)
  A yaktaur captain (Depths:4)
  A rakshasa (Depths:4)
  2 merfolk aquamancers (Shoals:4)
  An ugly thing (Depths:2)
  2 deep elf magi
  A black mamba (Snake:1)
  A guardian serpent (Snake:4)
  A guardian mummy (Crypt:3)
  2 raiju (Abyss:4)
  A vampire (Vaults:2)
  5 golden eyes (Abyss:4)
  A chaos spawn (Abyss:4)
  2 nagas
  A boggart (Depths:3)
  An ogre (Depths:1)
  A small abomination (Abyss:4)
  An adder (Snake:2)
  A ball lightning (Lair:6)
  13 bushes
  A crawling corpse (Elf:3)
  12 demonic plants (Abyss:4)
  16 fungi
  A lurking horror (Abyss:4)
  46 plants
  55 spectral weapons
  2 starspawn tentacles (Abyss:4)
  10 tentacles
187 creatures vanquished.

Grand Total: 2730 creatures vanquished

Table legend:
 A = Turns spent in this place as a percentage of turns spent in the entire game.
 B = Non-inter-level travel turns spent in this place as a percentage of non-inter-level travel turns spent in the entire game.
 C = Inter-level travel turns spent in this place as a percentage of turns spent in this place.
 D = Turns resting spent in this place as a percentage of non-inter-level travel turns spent in this place.
 E = Turns spent auto-exploring this place as a percentage of non-inter-level travel turns spent in this place.
 F = Non-inter-level travel turns spent in this place divided by the number of levels of this place that you've seen.
                   A       B       C       D       E      F
               +-------+-------+-------+-------+-------+----------------------
         Total | 100.0 | 100.0 |   7.1 |  40.1 |  37.3 | 1277.7
       Dungeon |  26.4 |  25.6 |   9.7 |  39.8 |  42.7 | 1442.0
          Lair |  12.4 |  12.1 |   9.6 |  46.2 |  38.0 | 1695.5
        Shoals |   5.9 |   5.9 |   6.9 |  40.1 |  33.5 | 1242.2
     Snake Pit |   9.6 |   9.7 |   6.6 |  36.3 |  42.9 | 2035.2
  Orcish Mines |   5.7 |   5.9 |   3.9 |  65.0 |  19.3 | 2470.0
   Elven Halls |   5.4 |   5.4 |   7.1 |  38.5 |  37.8 | 1505.3
        Vaults |   8.1 |   8.0 |   7.8 |  26.8 |  44.7 | 1346.6
         Crypt |   6.2 |   6.3 |   6.5 |  34.8 |  38.4 | 1762.7
        Depths |  10.1 |  10.3 |   4.7 |  35.7 |  35.4 | 1738.8
           Zot |   4.6 |   4.8 |   3.6 |  28.4 |  42.3 | 1008.5
         Abyss |   0.8 |   0.8 |   0.0 |  35.8 |   6.0 | 347.5
      Ziggurat |   1.3 |   1.4 |   0.0 |  63.4 |   4.0 | 143.0
     Labyrinth |   0.4 |   0.5 |   0.0 |  23.0 |   0.0 | 391.0
        Bazaar |   0.1 |   0.1 |   0.0 |   0.0 |  95.8 |  72.0
         Trove |   0.1 |   0.1 |   0.0 |   0.0 |  70.6 |  85.0
         Sewer |   0.5 |   0.5 |   0.0 |  34.1 |  23.2 | 414.0
      Ice Cave |   2.7 |   2.9 |   0.0 |  64.1 |  16.0 | 2412.0
               +-------+-------+-------+-------+-------+----------------------
